 Dungeon Crawl Stone Soup version 0.26.1 (webtiles) character file.

Game seed: 151760467856475596

7802 DasRunzen the Conjurer (level 10, -18/84 HPs)
             Began as a Demigod Conjurer on Feb 5, 2021.
             Demolished by Gastronok (31 damage)
             ... on level 9 of the Dungeon.
             The game lasted 00:27:56 (9974 turns).

DasRunzen the Conjurer (Demigod Conjurer)           Turns: 9974, Time: 00:27:57

Health: -18/84     AC: 11    Str: 16    XL:     10   Next: 70%
Magic:  21/23      EV: 15    Int: 22    God:
Gold:   605        SH:  0    Dex: 14    Spells: 18/21 levels left

rFire    + + .     SeeInvis .   v - +2 great sword (holy)
rCold    + . .     Faith    .   (shield currently unavailable)
rNeg     . . .     Spirit   .   F - +1 leather armour of the Slug {rF+ Will+}
rPois    .         Reflect  .   u - +2 helmet
rElec    .         Harm     .   H - scarf {rC+ rF+}
rCorr    +         Rampage  .   (no gloves)
Will     ++...                  B - +2 pair of boots
Stlth    ++........             l - amulet of regeneration
HPRegen  0.64/turn              x - ring of resist corrosion
MPRegen  0.18/turn              s - +4 ring of slaying

@: no status effects
A: high mp 1
a: no special abilities


You were on level 9 of the Dungeon.
You visited 1 branch of the dungeon, and saw 9 of its levels.
You also visited: Bailey.

You collected 605 gold pieces.

Inventory:

Hand Weapons
 g - a +3 whip of flaming
 v - a +2 great sword of holy wrath (weapon)
Armour
 b - a +2 cloak
 u - a +2 helmet (worn)
 B - a +2 pair of boots (worn)
 F - the +1 leather armour of the Slug (worn) {rF+ Will+}
   (You found it in a bailey)

   It protects you from fire.
   It affects your willpower, your defense against some magical effects.
 H - a scarf of resistance (worn)
Magical Staves
 E - an uncursed staff of fire
Jewellery
 l - an amulet of regeneration (around neck)
 o - an uncursed ring of stealth
 p - an uncursed ring of ice
 s - a +4 ring of slaying (right hand)
 x - a ring of resist corrosion (left hand)
 C - an uncursed ring of wizardry {unknown}
Wands
 a - a wand of iceblast (5)
 i - a wand of flame (7)
 A - a wand of polymorph (15)
 I - a wand of enslavement (10)
Scrolls
 f - 2 scrolls of amnesia
 q - 6 scrolls of teleportation
 t - 8 scrolls of remove curse
 y - 2 scrolls of enchant armour
 D - a scroll of fear
 G - a scroll of fog
Potions
 c - 2 potions of haste
 d - 2 potions of brilliance
 e - a potion of heal wounds
 h - a potion of ambrosia
 j - 3 potions of might
 k - a potion of degeneration {unknown}
 m - a potion of mutation {unknown}
 n - 2 potions of curing
 r - 2 potions of berserk rage {unknown}
 w - 2 potions of flight {unknown}
 z - 2 potions of invisibility {unknown}


   Skills:
 + Level 6.4 Fighting
 + Level 5.1 Long Blades
 + Level 6.5 Armour
 + Level 6.8 Dodging
 - Level 1.7 Stealth
 + Level 6.2 Spellcasting
 + Level 7.5 Conjurations


You had 18 spell levels left.
You knew the following spells:

 Your Spells              Type           Power        Failure   Level
a - Magic Dart            Conj           100%         1%          1
b - Searing Ray           Conj           80%          1%          2

Your spell library contained the following spells:

 Spells                   Type           Power        Failure   Level
 Dazzling Flash           Conj/Hex       46%          7%          3
 Fulminant Prism          Conj/Hex       11%          22%         4
 Iskenderun's Mystic Bla  Conj/Tloc      23%          22%         4


Dungeon Overview and Level Annotations

Branches:
Dungeon (9/15)             Temple (0/1) D:4          Bailey (visited)
   Lair: D:8-11         Orc: D:9-12

Shops:
D:7 (   D:8 (!   D:9 *

Annotations:
D:9 Gastronok


Innate Abilities, Weirdness & Mutations

You have an increased reservoir of magic. (+10% MP)


Message History

Gastronok is severely wounded.
The bat misses you.
You riposte.
You slice the bat!!
You kill the bat!
The bat's corpse disappears in a puff of smoke!
The bat barely misses you. The bat hits you but does no damage.
The bat closely misses you. The river rat bites you.
* * * LOW HITPOINT WARNING * * *
Gastronok mumbles some strange words.
The river rat closely misses you.
Casting: Searing Ray (safe; 1% risk of failure)
Confirm with . or Enter, or press ? or * to list all spells.
Aiming: Searing Ray (safe; 1% risk of failure)
Press: ? - help, Shift-Dir - straight line, f - river rat
Aim: a river rat (summoned, 20% to evade)
The searing ray misses the river rat. (Press . to maintain the ray.)
The bat disappears in a puff of smoke! x2; The river rat bites you!
* * * LOW HITPOINT WARNING * * *
The river rat misses you. Gastronok bites you!!
You die...

.......................##.....#
######...######...####.##.....#
.# #...# #........######## .#
#.....# #####.###### .#
#......##.....### .#
#...............# .#
#....∩...#.#.# .# ......r.r...#
## ..#...r@r#.#.#
....#_#w.§.##.# ...##⌠##.### ##
... ## .# .) .# .# .# ##


You could see Gastronok and 4 river rats.

Vanquished Creatures
  2 two-headed ogres (D:8)
  The ghost of lasso the Thaumaturge, a novice DECj of Gozag (D:7)
  Pikel (D:8)
  A vampire (D:7)
  Sigmund (D:3)
  A hornet zombie (D:7)
  2 sky beasts (D:8)
  14 orc warriors
  A black bear (D:8)
  An ice beast (D:6)
  2 phantoms (D:7)
  6 ogres
  8 centaurs (Bailey)
  2 lemures (D:8)
  A wyvern zombie (D:7)
  5 bullfrogs
  A water moccasin zombie (D:7)
  8 scorpions
  A howler monkey (D:5)
  An electric eel (D:7)
  2 centaur zombies
  A bullfrog zombie (D:9)
  2 gnoll shamans (D:8)
  6 hounds
  A jelly (D:5)
  3 orc priests (D:5)
  2 centaur skeletons
  Jessica (D:2)
  An iguana (D:6)
  5 orc wizards
  4 worker ants
  A hound skeleton (D:9)
  A howler monkey zombie (D:8)
  A howler monkey skeleton (D:9)
  11 adders
  13 gnolls
  2 shadow imps (D:7)
  A white imp (D:5)
  A worker ant simulacrum (D:7)
  An ufetubus (D:7)
  4 oozes
  2 adder zombies
  2 adder skeletons
  4 worms
  9 leopard geckos
  51 orcs
  2 ball pythons
  5 giant cockroaches
  13 goblins
  7 hobgoblins
  9 jackals
  4 quokkas
  9 bats
  7 kobolds
  A leopard gecko skeleton (D:5)
  2 leopard gecko zombies
  2 quokka zombies (D:6)
  A rat (D:2)
254 creatures vanquished.

Vanquished Creatures (others)
  2 lemures (D:8)
  A howler monkey skeleton (D:7)
  A jackal (D:8)
  12 fungi (D:4)
16 creatures vanquished.

Grand Total: 270 creatures vanquished

Notes
Turn   | Place    | Note
-------+----------+-------------------------------------------
     0 | D:1      | DasRunzen the Demigod Conjurer began the quest for the Orb.
     0 | D:1      | Reached XP level 1. HP: 14/14 MP: 5/5
   392 | D:1      | Reached XP level 2. HP: 21/22 MP: 7/7
   447 | D:1      | Learned a level 2 spell: Searing Ray
  1255 | D:2      | Noticed an ogre
  1262 | D:2      | Killed an ogre
  1263 | D:2      | Reached skill level 1 in Fighting
  1263 | D:2      | Reached skill level 1 in Armour
  1263 | D:2      | Reached skill level 4 in Conjurations
  1263 | D:2      | Reached XP level 3. HP: 28/28 MP: 2/9
  1263 | D:2      | Reached XP level 4. HP: 35/35 MP: 2/10
  1377 | D:2      | Found a blossoming altar of Fedhas.
  1963 | D:2      | Found a radiant altar of Vehumet.
  2273 | D:2      | Reached XP level 5. HP: 41/41 MP: 7/11
  2345 | D:2      | Noticed Jessica
  2393 | D:2      | Killed Jessica
  2910 | D:3      | Found a broken altar of Ashenzari.
  3067 | D:3      | Found a sparkling altar of Nemelex Xobeh.
  3079 | D:3      | Noticed Sigmund
  3099 | D:3      | Killed Sigmund
  3100 | D:3      | Reached XP level 6. HP: 20/50 MP: 2/13
  3739 | D:4      | Found a staircase to the Ecumenical Temple.
  3768 | D:4      | Reached XP level 7. HP: 35/56 MP: 8/15
  4183 | D:4      | Reached skill level 5 in Conjurations
  4352 | D:5      | Entered Level 5 of the Dungeon
  4847 | D:5      | Reached XP level 8. HP: 47/66 MP: 17/17
  4980 | D:5      | Reached skill level 1 in Long Blades
  5186 | D:6      | Found a basalt altar of Yredelemnul.
  5343 | D:6      | Found a hazy altar of Hepliaklqana.
  5343 | D:6      | Found a glowing golden altar of the Shining One.
  6223 | D:7      | Found a transporter.
  6229 | D:7      | Found Ulaetiusaz's Antique Weapon Boutique.
  6233 | D:7      | Reached skill level 5 in Dodging
  6280 | D:7      | Reached skill level 6 in Conjurations
  6325 | D:7      | Found a transporter.
  6325 | D:7      | Noticed lasso's ghost (novice DECj)
  6381 | D:7      | Reached XP level 9. HP: 54/72 MP: 15/19
  6806 | D:7      | Found an ornate altar of the Wu Jian Council.
  7284 | D:7      | Killed lasso's ghost
  7285 | D:7      | Reached skill level 5 in Fighting
  7285 | D:7      | Reached skill level 5 in Armour
  7285 | D:7      | Reached skill level 5 in Spellcasting
  7429 | D:8      | Found a shimmering altar of Xom.
  7545 | D:8      | Noticed Pikel
  7548 | D:8      | Found a sacrificial altar of Ru.
  7548 | D:8      | Noticed a two-headed ogre
  7561 | D:8      | Killed Pikel
  7566 | D:8      | Killed a two-headed ogre
  7567 | D:8      | Reached XP level 10. HP: 60/83 MP: 12/22
  7641 | D:8      | Found a flagged portal.
  7651 | Bailey   | Entered a bailey
  7996 | Bailey   | Reached skill level 7 in Conjurations
  8915 | Bailey   | Got a shimmering leather armour
  8926 | Bailey   | Identified the +1 leather armour of the Slug {rF+ Will+}
                  | (You found it in a bailey)
  9273 | D:8      | Noticed a two-headed ogre
  9405 | D:8      | Found Wuohi's Distillery.
  9419 | D:8      | Reached skill level 5 in Long Blades
  9462 | D:8      | Killed a two-headed ogre
  9653 | D:8      | Found Vev Ycad's Antique Weapon Shop.
  9957 | D:9      | Found Zin's Purification Station.
  9958 | D:9      | Found a glowing silver altar of Zin.
  9960 | D:9      | Noticed Gastronok
  9974 | D:9      | Demolished by Gastronok

Illustrated notes

Levels and vault maps discovered:
D:1:      lightli_arrival_farm, layout_rooms, serial_bayou_pond_c
D:2:      layout_loops_corners, fedhas_altar_3, vehumet_crystals, uniq_jessica
D:3:      layout_rooms, old_standard_altar, nemelex_spade_bored_becter,
          uniq_sigmund
D:4:      old_forge, layout_loops_cross, minmay_temple_entry_grid,
          columned_hall_lemuel
D:5:      minmay_razor_zed, layout_basic
D:6:      minmay_chambers_of_threes, layout_basic, kennysheep_mini,
          gammafunk_temple_overflow_wave, serial_bayou_pond_b
D:7:      statuecave_lemuel, layout_layer_cave,
          pdpol_wu_jian_five_deadly_venoms, gammafunk_ghost_mausoleum,
          serial_shops, nicolae_shop_overgrown_old_shop, minmay_misc_feat_roman
D:8:      layout_cave_pools, nicolae_ru_great_annihilating_truth,
          xom_confusion_cloud, serial_gnoll_camp, gnoll_camp_mini_doghouse,
          gnoll_camp_mini_basic, gnoll_camp_mini_shop, gnoll_camp_mini_doghouse,
          gnoll_camp_mini_hut, gnoll_camp_mini_hut, serial_shops, shop,
          enter_bailey_4, uniq_pikel
D:9:      layout_loops_cross, zin_purify, uniq_maggie, uniq_gastronok

Skill      XL: |  1  2  3  4  5  6  7  8  9 10 |
---------------+-------------------------------+-----
Dodging        | 2 3 4 5 6 |  6.8
Spellcasting   | 2 3 4 5 6 |  6.2
Fighting       | 1 2 3 4 5 6 |  6.4
Armour         | 1 2 3 4 5 6 |  6.5
Conjurations   | 4 5 6 7 |  7.5
Long Blades    | 2 4 5 |  5.1
Stealth        | |  1.7

Action                   |  1- 3 |  4- 6 |  7- 9 | 10-12 || total
-------------------------+-------+-------+-------+-------++-------
Melee: Whip              |    52 |   131 |    51 |       ||   234
       Unarmed           |     7 |       |       |       ||     7
       Great sword       |       |       |   116 |   109 ||   225
 Cast: Magic Dart        |     6 |     7 |     4 |    36 ||    53
       Searing Ray       |     1 |    10 |    15 |    26 ||    52
  Use: Scroll            |     2 |     4 |    14 |     2 ||    22
 Stab: Sleeping          |     3 |     6 |    14 |     1 ||    24
       Paralysed         |       |       |       |     1 ||     1
Armor: Robe              |    13 |    37 |    54 |    12 ||   116
       Leather armour    |       |       |       |    67 ||    67
Dodge: Dodged            |    43 |    91 |   150 |   212 ||   496
       Rpst.: Great sword |       |       |    36 |    51 ||    87
